 Dungeon Crawl Stone Soup version 0.23.2-40-g277498a001 (webtiles) character file.

Game seed: 13041826846411053567

84 MenacingMecha the Grave Robber (level 4, -1/30 HPs)
             Began as a Mummy Necromancer on Sept 4, 2019.
             Slain by a hobgoblin (2 damage)
             ... led by Robin
             ... on level 2 of the Dungeon.
             The game lasted 00:06:02 (1949 turns).

MenacingMecha the Grave Robber (Mummy Necromancer)  Turns: 1949, Time: 00:06:03

Health: -1/30      AC:  2    Str: 11    XL:     4   Next: 23%
Magic:  3/8        EV: 12    Int: 15    God:
Gold:   69         SH:  0    Dex: 12    Spells: 3/8 levels left

rFire    x . .     SeeInvis .   e - +0 spear
rCold    + . .     Gourm    .   (no shield)
rNeg     + + +     Faith    .   a - +0 robe
rPois    ∞         Spirit   .   (no helmet)
rElec    .         Reflect  .   (no cloak)
rCorr    .         Harm     .   (no gloves)
MR       .....                  (no boots)
Stlth    ++........             (no amulet)
HPRegen  0.10/turn              (no ring)
MPRegen  0.11/turn              (no ring)

@: no status effects
A: no food or potions, fire vulnerability, cold resistance 1, negative energy
resistance 3, torment resistance, unbreathing
a: no special abilities


You were on level 2 of the Dungeon.
You were not hungry.

You visited 1 branch of the dungeon, and saw 2 of its levels.

You collected 69 gold pieces.

Inventory:

Hand Weapons
 d - a +0 dagger
 e - a +0 spear (weapon)
Armour
 a - a +0 robe (worn)
 j - a +0 buckler
Jewellery
 l - an uncursed ring of flight
Scrolls
 b - 5 scrolls of identify
 c - a scroll of remove curse {unknown}
 f - 4 scrolls of enchant weapon {unknown}
 g - a scroll of teleportation {unknown}
 h - 2 scrolls of fog {unknown}
 i - a scroll of fear {unknown}
 k - a scroll of amnesia {unknown}


   Skills:
 - Level 1.5 Dodging
 - Level 1.5 Stealth
 - Level 2.6 Spellcasting
 + Level 5.8 Necromancy


You had 3 spell levels left.
You knew the following spells:

 Your Spells              Type           Power        Failure   Level  Hunger
a - Pain                  Necr           ###.         1%          1    N/A
b - Animate Skeleton      Necr           N/A          1%          1    N/A
c - Vampiric Draining     Necr           ###.......   6%          3    N/A

Your spell library contained the following spells:

 Spells                   Type           Power        Failure   Level  Hunger
 Animate Dead             Necr           N/A          19%         4    N/A
 Regeneration             Chrm/Necr      Unusable     N/A         3    N/A

Dungeon Overview and Level Annotations

Branches:
Dungeon (2/15)

Altars:

Annotations:
D:2 Robin


Innate Abilities, Weirdness & Mutations

You do not eat or drink.
Your flesh is vulnerable to fire.
You are immune to poison.
Your flesh is cold resistant. (rC+)
You are immune to negative energy. (rN+++)
You are immune to unholy pain and torment.
You can survive without breathing.


Message History

You barely miss the goblin. Robin throws the goblin at you!
* * * LOW HITPOINT WARNING * * *
The goblin misses you. The goblin hits you but does no damage.
Robin throws the goblin at you!
* * * LOW HITPOINT WARNING * * *
As you read the scroll labeled WEATETH TYITH, it crumbles to dust.
It is a scroll of identify.
l - an uncursed ring of flight The goblin closely misses you.
The goblin hits you but does no damage. The goblin barely misses you.
Okay, then.
A goblin and a hobgoblin come into view.
The goblin hits you but does no damage. Robin throws the goblin at you!
You see here 2 stones.
The hobgoblin shouts!
The goblin wields a +0 hunting sling.
The goblin shoots a stone.
The stone misses you. The goblin closely misses you.
You see here a stone.
The goblin barely misses you. The hobgoblin hits you.
You die...

#.#...#.....#.#(#
####.###+#.##(.#.#(#
#............(.#.#.#
#.###..........#.#(# #.#
#..........).#<#
#.###.!.......#.g#.#
...##.........ggg#.#
...##.........#(##.#
...#.....######g@#(#
))%......# ##g#)# ...#....##
#..)# ...#....# ##).########
...#....# #......^..####
...#....#########.............
...######.................##
...# #........#......%.#
#########........#........#


You could see a hobgoblin and 3 goblins.

Vanquished Creatures
  4 adders (D:2)
  An ooze (D:2)
  2 worms (D:2)
  A dart slug (D:1)
  2 hobgoblins (D:2)
  6 kobolds
  6 bats
  3 frilled lizards
  9 goblins
  3 rats (D:1)
  A toadstool (D:1)
38 creatures vanquished.

Vanquished Creatures (collateral kills)
  A hobgoblin (D:1)
  A frilled lizard (D:1)
  A goblin (D:1)
  A kobold (D:2)
  A rat (D:1)
5 creatures vanquished.

Vanquished Creatures (others)
  3 toadstools (D:1)
3 creatures vanquished.

Grand Total: 46 creatures vanquished

Notes
Turn   | Place    | Note
-------+----------+-------------------------------------------
     0 | D:1      | MenacingMecha the Mummy Necromancer began the quest for the
                  | Orb.
     0 | D:1      | Reached XP level 1. HP: 13/13 MP: 4/4
     2 | D:1      | Learned a level 1 spell: Animate Skeleton
   366 | D:1      | Reached XP level 2. HP: 11/19 MP: 2/5
  1090 | D:2      | Reached skill level 5 in Necromancy
  1100 | D:2      | Reached XP level 3. HP: 11/24 MP: 0/7
  1736 | D:2      | Learned a level 3 spell: Vampiric Draining
  1815 | D:2      | Reached XP level 4. HP: 27/30 MP: 4/8
  1908 | D:2      | Noticed Robin
  1945 | D:2      | HP: 1/30 [Robin/goblin (2)]
  1949 | D:2      | Slain by a hobgoblin

Skill      XL: |  1  2 |
---------------+-------+-----
Necromancy     | 5 |  5.8
Dodging        | |  1.5
Stealth        | |  1.5
Spellcasting   | |  2.6

Action                   |  1- 3 |  4- 6 || total
-------------------------+-------+-------++-------
Melee: Dagger            |    24 |       ||    24
       Unarmed           |     2 |       ||     2
       Spear             |    72 |    14 ||    86
 Cast: Pain              |    17 |    10 ||    27
       Animate Skeleton  |    10 |     1 ||    11
  Use: Scroll            |       |     1 ||     1
 Stab: Sleeping          |     2 |       ||     2
       Distracted        |     2 |       ||     2
Armor: Robe              |    22 |     4 ||    26
Dodge: Dodged            |    64 |    16 ||    80
